 Dungeon Crawl Stone Soup version 0.20.1-1-g8b1a95d (webtiles) character file.

396 PauBabau the Slasher (level 6, -6/49 HPs)
             Began as a Barachi Fighter on Dec 9, 2017.
             Mangled by an ogre
             ... wielding a +0 giant club
              (18 damage)
             ... on level 4 of the Dungeon.
             The game lasted 00:12:16 (2411 turns).

PauBabau the Slasher (Barachi Fighter)              Turns: 2411, Time: 00:12:17

Health: -6/49      AC:  7    Str: 19    XL:     6   Next: 83%
Magic:  6/6        EV:  8    Int: 10    God:
Gold:   96         SH:  9    Dex: 12    Spells: 3/5 levels left

rFire    . . .     SeeInvis .   a - +0 long sword
rCold    . . .     Gourm    .   c - +0 shield
rNeg     . . .     Faith    .   b - +0 scale mail
rPois    .         Spirit   .   (no helmet)
rElec    .         Reflect  .   (no cloak)
rCorr    .         Harm     .   (no gloves)
MR       .....     Rnd*Rage +   (no boots)
Stlth    ..........             (no amulet)
Regen    0.2/turn               (no ring)
MPRegen  0.1/turn               (no ring)

@: slow
A: +LOS, swims, berserk 1, clever 1, slowness 1, strong legs 1
a: Hop


You were on level 4 of the Dungeon.
You were hungry.

You visited 1 branch of the dungeon, and saw 4 of its levels.

You collected 96 gold pieces.

Inventory:

Hand Weapons
 a - a +0 long sword (weapon)
Missiles
 r - 7 javelins (quivered)
Armour
 b - a +0 scale mail (worn)
 c - a +0 shield (worn)
Scrolls
 e - a scroll of magic mapping {unknown}
 g - 3 scrolls of identify {unknown}
 h - a scroll of blinking {unknown}
 o - 2 scrolls of enchant armour {unknown}
 p - a scroll of fear {unknown}
Potions
 d - a potion of might
 n - a potion of mutation
Books
 s - a book of Cantrips

   Spells                             Type                      Level
   a - Confusing Touch                Hexes                        1
   b - Animate Skeleton               Necromancy                   1
   c - Summon Small Mammal            Summoning                    1
   d - Apportation                    Translocation                1
 t - a book of Minor Magic

   Spells                             Type                      Level
   a - Magic Dart                     Conjuration                  1
   b - Blink                          Translocation                2
   c - Call Imp                       Summoning                    2
   d - Slow                           Hexes                        2
   e - Conjure Flame                  Conjuration/Fire             3
   f - Mephitic Cloud                 Conjuration/Poison/Air       3
Comestibles
 f - 2 bread rations
 i - 6 fruits
 l - a meat ration
 q - 3 royal jellies


   Skills:
 * Level 4.7 Fighting
 * Level 5.2 Long Blades
 * Level 1.4 Throwing
 * Level 4.8 Armour
 * Level 1.3 Dodging
 * Level 4.8 Shields


You had 3 spell levels left.
You knew the following spells:

 Your Spells              Type           Power        Failure   Level  Hunger
a - Magic Dart            Conj           #...         99%         1    ##.....
b - Apportation           Tloc           #.....       99%         1    ##.....


Dungeon Overview and Level Annotations

Branches:
Dungeon (4/15)
 Temple: D:4-7

Altars:
Dithmenos
Makhleb
Ru
Uskayaw
Xom


Innate Abilities, Weirdness & Mutations

Shadows flee at your approach. (+LOS)
You can swim through water.
You cover ground slowly.
You can hop short distances.
You tend to lose your temper in combat.
Your mind is acute. (Int +2)


Message History

The ogre is heavily wounded.
The ogre barely misses you.
You riposte.
You hit the ogre.
The ogre is heavily wounded.
You slash the ogre!
The ogre is severely wounded.
The ogre barely misses you.
You barely miss the ogre.
The ogre is severely wounded.
You block the ogre's attack.
You barely miss the ogre.
The ogre is severely wounded.
You block the ogre's attack.
You barely miss the ogre.
The ogre is severely wounded.
The ogre hits you with a giant club!
* * * LOW HITPOINT WARNING * * *
You hit the ogre.
The ogre is severely wounded.
The ogre hits you with a giant club!!
You die...

...............#...#.....#....#
..............<#...#.....#....#
#+#######......#...#....)#....#
#...>..#...#.....)....#
#......#...#....)#....#
#......#...#.....#....#
#......#...#.....#....#
#......O)..#.....+....#
#......#@..'.....#....#
#......#...#.....#....#
#......#...#.....#....#
#....g.#...#.....###'###
O'.g....#...#...........#
.#..)...#...#...........#
#......#...#...........#
.......#...#...........#
#...#...........#


You could see an ogre.

Vanquished Creatures
  The ghost of PauBabau the Covered, an amateur BaFi (D:3)
  An ogre (D:4)
  An orc wizard (D:4)
  4 gnolls (D:4)
  4 adders
  An ooze (D:2)
  3 dart slugs (D:1)
  A leopard gecko (D:3)
  4 orcs
  3 giant cockroaches
  4 hobgoblins
  6 jackals
  9 kobolds
  A quokka (D:2)
  15 bats
  A frilled lizard (D:2)
  4 goblins
  9 rats
72 creatures vanquished.

Notes
Turn   | Place    | Note
-------+----------+-------------------------------------------
     0 | D:1      | PauBabau the Barachi Fighter began the quest for the Orb.
     0 | D:1      | Reached XP level 1. HP: 18/18 MP: 1/1
   170 | D:1      | Reached XP level 2. HP: 22/25 MP: 2/2
   641 | D:2      | Reached XP level 3. HP: 28/30 MP: 3/3
   692 | D:2      | Found a sacrificial altar of Ru.
   869 | D:2      | Reached skill level 3 in Long Blades
  1115 | D:2      | Reached XP level 4. HP: 32/37 MP: 4/4
  1178 | D:3      | Found a hide-covered altar of Uskayaw.
  1510 | D:3      | Found a shadowy altar of Dithmenos.
  1529 | D:3      | Found a burning altar of Makhleb.
  1572 | D:3      | Found a shimmering altar of Xom.
  1572 | D:3      | Found a shimmering altar of Xom.
  1573 | D:3      | Found a shimmering altar of Xom.
  1575 | D:3      | Found a shimmering altar of Xom.
  1577 | D:3      | Found a shimmering altar of Xom.
  1579 | D:3      | Found a shimmering altar of Xom.
  1579 | D:3      | Found a shimmering altar of Xom.
  1608 | D:3      | Noticed PauBabau's ghost (amateur BaFi)
  1751 | D:3      | Killed PauBabau's ghost
  1751 | D:3      | Reached skill level 4 in Long Blades
  1751 | D:3      | Reached skill level 1 in Throwing
  1751 | D:3      | Reached skill level 1 in Dodging
  1751 | D:3      | Reached XP level 5. HP: 25/43 MP: 5/5
  1751 | D:3      | Reached XP level 6. HP: 29/49 MP: 6/6
  2032 | D:4      | Gained mutation: You tend to lose your temper in combat. [potion of mutation]
  2032 | D:4      | Gained mutation: Your mind is acute. (Int +2) [potion of mutation]
  2032 | D:4      | Lost mutation: Your mind is acute. (Int +2) [potion of mutation]
  2032 | D:4      | Gained mutation: Your mind is acute. (Int +2) [potion of mutation]
  2032 | D:4      | HP: 2/49 [something/magic dart (4)]
  2037 | D:4      | HP: 1/49 [orc/flail (2)]
  2038 | D:4      | Reached skill level 5 in Long Blades
  2354 | D:4      | Learned a level 1 spell: Magic Dart
  2356 | D:4      | Learned a level 1 spell: Apportation
  2411 | D:4      | Mangled by an ogre

Skill      XL: |  1  2  3  4  5  6 |
---------------+-------------------+-----
Fighting       | 4 |  4.7
Armour         | 4 |  4.8
Long Blades    | 3 4 5 |  5.2
Shields        | 4 |  4.8
Throwing       | 1 |  1.4
Dodging        | 1 |  1.3

Action                   |  1- 3 |  4- 6 || total
-------------------------+-------+-------++-------
Melee: Long sword        |   156 |   160 ||   316
Throw: Javelin           |       |     5 ||     5
  Use: Potion            |       |     6 ||     6
  Eat: Chunk             |     1 |     5 ||     6
Armor: Scale mail        |    69 |    82 ||   151
Dodge: Dodged            |    58 |    60 ||   118
Block: Shield            |    94 |   103 ||   197
       Rpst.: Long sword |    22 |    21 ||    43
